 Dungeon Crawl Stone Soup version 0.30-a0-50-gb2d611f6b1 (webtiles) character file.

Game seed: 6142727150092368429

2163 lesbiats the Shield-Bearer (level 9, 0/87 HPs)
             Began as a Troll Fighter on Sept 4, 2022.
             Was a Follower of the Shining One.
             Slain by Joseph
             ... wielding a +0 quarterstaff
              (11 damage)
             ... on level 8 of the Dungeon.
             The game lasted 00:17:44 (6429 turns).

lesbiats the Shield-Bearer (Troll Fighter)          Turns: 6429, Time: 00:17:44

Health: 0/87       AC:  5    Str: 30    XL:     9   Next: 10%
Magic:  8/8        EV:  9    Int:  4    God:    the Shining One [*.....]
Gold:   339        SH:  8    Dex:  9    Spells: 8/8 levels left

rFire   . . .      SeeInvis .      - Unarmed
rCold   . . .      Faith    .    b - +0 kite shield
rNeg    . . .      Spirit   .    a - +0 robe
rPois   .          Reflect  .    (helmet restricted)
rElec   .          Harm     .    v - +0 cloak {rCorr}
rCorr   +          Rampage  .    (gloves unavailable)
Will    .....                    (boots unavailable)
Stlth   +.........               w - amulet of regeneration
HPRegen 1.84/turn                s - ring of resist corrosion
MPRegen 0.11/turn                (no ring)

@: glowing
A: large, unfitting armour, claws 3, regeneration 1, shaggy fur 1, tough skin 1
a: Renounce Religion, Divine Shield


You were on level 8 of the Dungeon.
You worshipped the Shining One.
The Shining One was aware of your devotion.
You visited 2 branches of the dungeon, and saw 9 of its levels.

You collected 489 gold pieces.
You spent 150 gold pieces at shops.

Inventory:

Missiles
 g - 28 stones (quivered)
 o - 7 poisoned darts
 D - 2 throwing nets
Armour
 a - a +0 robe (worn)
 b - a +0 kite shield (worn)
 p - an orb of wrath
 v - a +0 cloak of preservation (worn)
Jewellery
 d - a ring of fire
 s - a ring of resist corrosion (left claw)
 w - an amulet of regeneration (around neck)
Wands
 x - a wand of polymorph (3)
 A - a wand of quicksilver (10)
Scrolls
 f - a scroll of fog {unknown}
 h - a scroll of immolation
 i - 3 scrolls of blinking {unknown}
 k - 2 scrolls of poison {unknown}
 m - 2 scrolls of enchant armour {unknown}
 n - 3 scrolls of enchant weapon {unknown}
 r - 9 scrolls of teleportation
 u - 2 scrolls of noise {unknown}
 y - a scroll of summoning {unknown}
 C - a scroll of magic mapping {unknown}
Potions
 c - 2 potions of might
 e - 2 potions of attraction {unknown}
 j - 2 potions of brilliance
 l - a potion of mutation
 q - a potion of curing
 t - 2 potions of resistance
 z - a potion of degeneration {unknown}
 B - a potion of magic {unknown}
 E - a potion of haste {unknown}


   Skills:
 + Level 4.8 Fighting
 * Level 5.6 Throwing
 + Level 4.7 Dodging
 + Level 5.7 Shields
 + Level 5.2 Unarmed Combat


You had 8 spell levels left.
You didn't know any spells.
Your spell library contained the following spells:

 Spells                   Type           Power      Damage    Failure   Level
 Ozocubu's Armour         Ice            0%         N/A       98%         3
 Ozocubu's Refrigeration  Ice            0%         4d7       100%        7


Dungeon Overview and Level Annotations

Branches:
Dungeon (8/15)             Temple (1/1) D:5
   Lair: D:8-11

Altars:
Ashenzari
Cheibriados
Dithmenos
Elyvilon
Fedhas
Hepliaklqana
Kikubaaqudgha
Makhleb
Okawaru
Qazlal
Ru
Sif Muna
Trog
Uskayaw
Vehumet
Wu Jian
Yredelemnul
Zin
The Shining One

Shops:
D:1 (   D:3 *   D:6 :

Annotations:
D:8 Joseph


Innate Abilities, Weirdness & Mutations

You are too large for most types of armour.
You have claws for hands.
Your natural rate of healing is unusually fast.
You are covered in fur. (AC +1)
You have tough skin. (AC +1)


Message History

Joseph is severely wounded.
Joseph barely misses you.
You claw Joseph!
Joseph is severely wounded.
Joseph misses you.
You scratch Joseph.
Joseph is severely wounded.
Joseph hits you with a +0 quarterstaff!
* * * LOW HITPOINT WARNING * * *
You scratch Joseph but do no damage.
Joseph is almost dead.
You block Joseph's attack.
You feel better. Joseph hits you with a +0 quarterstaff.
You scratch Joseph but do no damage.
Joseph is almost dead.
Joseph hits you with a +0 quarterstaff!
You scratch Joseph but do no damage.
Joseph is severely wounded.
Joseph looks more healthy.
Joseph hits you with a +0 quarterstaff!
* * * LOW HITPOINT WARNING * * *
You scratch Joseph.
Joseph is almost dead.
You block Joseph's attack.
You scratch Joseph but do no damage.
Joseph is almost dead.
Joseph hits you with a +0 quarterstaff!
* * * LOW HITPOINT WARNING * * *
You barely miss Joseph.
Joseph is almost dead.
Joseph hits you but does no damage.
You feel better. Joseph hits you with a +0 quarterstaff!
* * * LOW HITPOINT WARNING * * *
You completely miss Joseph.
Joseph is almost dead.
Joseph says, "You will never get the ORB, sorry."
Joseph completely misses you.
You scratch Joseph.
Joseph is almost dead.
Joseph hits you with a +0 quarterstaff!
You die...

..# # #$# ##. #.#
#.. #.# #.# #(#
#.# #(# #.# #@#
####<# #@# #....#
#.##########.####
#.##.........#
#.##.#########
#....# #..###
####


You could see Joseph.

Vanquished Creatures
  A shadow (D:7)
  A wraith (D:7)
  2 water moccasins
  A black bear (D:5)
  2 ogres
  3 phantoms (D:6)
  A centaur (D:6)
  A bullfrog (D:6)
  3 necrophages
  5 scorpions
  A killer bee (D:6)
  2 jellies
  2 orc priests
  A gnoll bouda (D:7)
  A hound (D:6)
  An iguana (D:7)
  5 orc wizards
  4 gnolls (D:7)
  5 adders
  3 dart slugs
  17 orcs
  6 endoplasms
  3 giant cockroaches
  9 hobgoblins
  8 jackals
  4 quokkas
  8 ball pythons
  4 bats
  2 frilled lizards (D:1)
  6 goblins
  7 kobolds
  7 rats
126 creatures vanquished.

Notes
Turn   | Place    | Note
-------+----------+-------------------------------------------
     0 | D:1      | lesbiats the Troll Fighter began the quest for the Orb.
     0 | D:1      | Reached XP level 1. HP: 22/22 MP: 0/0
    78 | D:1      | Reached XP level 2. HP: 25/29 MP: 1/1
   357 | D:1      | Reached XP level 3. HP: 36/36 MP: 2/2
   554 | D:1      | Found Vokhlujo's Antique Weapon Shop.
   840 | D:1      | Found a faded altar of an unknown god.
  1213 | D:2      | Identified the +3 short sword of Gallantry {vorpal, rPois
                  | MP-9 Dex+4}
  1902 | D:3      | Reached XP level 4. HP: 42/44 MP: 3/3
  1971 | D:3      | Found a radiant altar of Vehumet.
  1975 | D:3      | Found a hazy altar of Hepliaklqana.
  1986 | D:3      | Found a shimmering blue altar of Sif Muna.
  2175 | D:3      | Found Kuwia's Weapon Emporium.
  2286 | D:3      | Found Xiwason's Assorted Antiques.
  2531 | D:4      | Noticed a necrophage
  2560 | D:4      | Killed a necrophage
  2561 | D:4      | Reached XP level 5. HP: 48/53 MP: 4/4
  2610 | D:4      | Noticed an ogre
  2623 | D:4      | Killed an ogre
  2624 | D:4      | Reached skill level 1 in Throwing
  2802 | D:4      | Reached XP level 6. HP: 57/61 MP: 5/5
  3413 | D:5      | Entered Level 5 of the Dungeon
  3517 | D:5      | Reached XP level 7. HP: 41/67 MP: 6/6
  3909 | D:5      | Found a staircase to the Ecumenical Temple.
  4115 | Temple   | Entered the Ecumenical Temple
  4226 | Temple   | Became a worshipper of the Shining One
  4323 | D:3      | Bought a runed cloak for 150 gold pieces
  4744 | D:6      | Reached XP level 8. HP: 78/78 MP: 7/7
  5073 | D:6      | Reached skill level 5 in Shields
  5386 | D:6      | Found Zazank's Tremendous Tomes.
  5860 | D:7      | Reached skill level 5 in Throwing
  5924 | D:7      | Reached skill level 5 in Unarmed Combat
  6123 | D:7      | Reached * piety under the Shining One
  6132 | D:7      | Reached XP level 9. HP: 87/87 MP: 8/8
  6405 | D:8      | Noticed Joseph
  6429 | D:8      | Slain by Joseph

Illustrated notes

Levels and vault maps discovered:
D:1:      nzn_arrival_crosshair, layout_basic, serial_forest,
          infiniplex_forest_clump_tiny, infiniplex_forest_clump_small,
          infiniplex_forest_straight_3, infiniplex_forest_straight_1,
          infiniplex_forest_clump_double, infiniplex_forest_clump_curved,
          infiniplex_forest_lined_2, infiniplex_forest_join, serial_shops,
          nicolae_square_shop, hellmonk_ecumenical_altar_blasted,
          minmay_pentomino_p4
D:2:      layout_basic
D:3:      layout_rooms, minmay_overflow_temple_star_quad, serial_shops,
          nicolae_lakefront_shop, shop
D:4:      layout_basic, amethyst_killhole
D:5:      layout_rooms, minmay_temple_entry_enclosed_plants
D:6:      layout_basic, minmay_misc_feat_four_crosses,
          nicolae_shop_i_like_big_books, nicolae_lava_and_water
D:7:      layout_loops_ring
D:8:      layout_rooms, lemuel_round_altar,
          ploomutoo_gammafunk_ghost_potion_laboratory, minmay_misc_feat_rugged,
          kennysheep_pointless_box, uniq_prince_ribbit1, uniq_maurice,
          uniq_joseph
Temple:   nicolae_temple_superstar

Skill      XL: |  1  2  3  4  5  6  7  8 |
---------------+-------------------------+-----
Shields        | 3 4 5 |  5.7
Fighting       | 3 4 |  4.8
Dodging        | 3 4 |  4.7
Throwing       | 1 2 3 5 |  5.6
Unarmed Combat | 3 4 5 |  5.2

Action                   |  1- 3 |  4- 6 |  7- 9 || total
-------------------------+-------+-------+-------++-------
Melee: Unarmed           |   135 |   133 |   189 ||   457
Throw: Stone             |       |     6 |     6 ||    12
       Dart              |       |     8 |     3 ||    11
Evoke: Wand              |       |       |     1 ||     1
  Use: Scroll            |       |       |     5 ||     5
       Potion            |       |       |     2 ||     2
 Stab: Sleeping          |     1 |       |       ||     1
Armor: Robe              |    58 |    22 |    41 ||   121
Dodge: Dodged            |    50 |    29 |    67 ||   146
Block: Kite shield       |    45 |    37 |    61 ||   143

Table legend: (Time is in decaauts)
 A = Elapsed time spent in this place.
 B = Non-inter-level travel time spent in this place.
 C = Inter-level travel time spent in this place.
 D = Time resting spent in this place.
 E = Time spent auto-exploring this place.
 F = Levels seen in this place.
 G = Mean time per level.
                   A        B        C        D        E       F      G
               +--------+--------+--------+--------+--------+-----+--------+
         Total |   6459 |   5495 |    964 |    309 |   3892 |   9 |  717.7 |
       Dungeon |   6338 |   5404 |    934 |    309 |   3819 |   8 |  792.2 |
        Temple |    120 |     90 |     30 |      0 |     73 |   1 |  120.0 |
               +--------+--------+--------+--------+--------+-----+--------+

Top non-repeatable levels by time:
     D:6: 1162 daAuts
     D:4: 1159 daAuts
     D:1: 1092 daAuts
     D:2: 958 daAuts
     D:5: 734 daAuts
     D:7: 632 daAuts
     D:3: 556 daAuts
  Temple: 120 daAuts
     D:8: 41 daAuts
